 Dungeon Crawl Stone Soup version 0.20-a0-760-g49f5558 (webtiles) character file.

6750 JeffiDaFish the Blocker (level 11, -2/66 HPs)
             Began as a Gargoyle Fighter on Feb 25, 2017.
             Was an Elder of Okawaru.
             Killed by divine providence
             ... invoked by an orc priest
              (11 damage)
             ... on level 10 of the Dungeon on Mar 12, 2017.
             The game lasted 00:23:44 (9181 turns).

JeffiDaFish the Blocker (Gargoyle Fighter)          Turns: 9181, Time: 00:23:45

Health: -2/66      AC: 25    Str: 21    XL:     11   Next: 4%
Magic:  11/11      EV:  8    Int: 10    God:    Okawaru [****..]
Gold:   525        SH: 17    Dex: 12    Spells: 10/10 levels left

rFire    . . .     SeeInvis .   s - +2 flail (venom)
rCold    . . .     Gourm    .   i - +0 chain mail
rNeg     + + .     Faith    .   c - +0 shield
rPois    ∞         Spirit   .   l - +0 helmet
rElec    +         Reflect  +   g - +2 cloak
rCorr    .         Harm     .   p - +0 pair of gloves
MR       .....                  r - +0 pair of boots
Stlth    ..........             k - +5 amulet of reflection
Regen    0.3/turn               (no ring)
MPRegen  0.2/turn               q - ring of positive energy

@: no status effects
A: hooves 1, clever 1, negative energy resistance 1, electricity resistance,
unbreathing, petrification resistance, rot immunity, AC +7
a: Heroism, Renounce Religion


You were on level 10 of the Dungeon.
You worshipped Okawaru.
Okawaru was greatly pleased with you.
You were hungry.

You visited 2 branches of the dungeon, and saw 11 of its levels.
You also visited: Sewer and Ossuary.

You collected 525 gold pieces.

Inventory:

Hand Weapons
 s - a +2 flail of venom (weapon)
Armour
 c - a +0 shield (worn)
 g - a +2 cloak (worn)
 i - a +0 chain mail (worn)
 l - a +0 helmet (worn)
 p - a +0 pair of gloves (worn)
 r - a +0 pair of boots (worn)
Jewellery
 k - a +5 amulet of reflection (around neck)
 q - a ring of positive energy (left hand)
Scrolls
 a - 2 scrolls of fear
 b - 6 scrolls of identify
 d - a scroll of teleportation
 j - 9 scrolls of remove curse
 o - 3 scrolls of recharging
Potions
 e - 4 potions of magic
 m - a potion of curing
 t - 2 potions of mutation
 u - a potion of agility
 v - a potion of haste
 x - a potion of flight
Comestibles
 f - 7 bread rations
 h - 5 meat rations
 n - 4 fruits
 w - 9 chunks of flesh


   Skills:
 + Level 6.6 Fighting
 + Level 10.3 Maces & Flails
 + Level 7.6 Armour
 + Level 2.8 Dodging
 + Level 1.4 Stealth
 + Level 10.6 Shields


You had 10 spell levels left.
You didn't know any spells.

Dungeon Overview and Level Annotations

Branches:
Dungeon (10/15)            Temple (1/1) D:7
   Lair: D:8-11         Orc: D:9-12

Altars:
Cheibriados
Dithmenos
Elyvilon
Gozag
Hepliaklqana
Makhleb
Nemelex Xobeh
Okawaru
Ru
Sif Muna
Trog
Uskayaw
Vehumet
Wu Jian
Xom
Yredelemnul
The Shining One

Shops:
D:4 *   D:10 *


Innate Abilities, Weirdness & Mutations

You are resistant to torment.
Your stone body is resilient. (AC +7)
You are immune to poison.
You resist negative energy. (rN+)
You are resistant to electric shocks. (rElec)
You can survive without breathing.
You are immune to petrification.
You are immune to rotting.
You have large cloven feet.
Your mind is acute. (Int +2)


Message History

The orc priest looks encouraged for a moment.
An orc priest comes into view. It is wielding a flail.
You closely miss the bullfrog. You block the bullfrog's attack.
You closely miss the bullfrog. You block the bullfrog's attack.
The orc priest looks encouraged for a moment.
The orc priest mumbles some strange prayers to Beogh against you.
Beogh smites you!
* * * LOW HITPOINT WARNING * * *
You block the bullfrog's attack.
An orc comes into view. It is wielding a mace.
You are feeling hungry.
Your chain mail prevents you from hitting the bullfrog.
The orc moves out of view.
The bullfrog hits you but does no damage.
You sock the bullfrog!
The bullfrog is severely wounded.
You block the bullfrog's attack.
The orc priest mumbles some strange prayers to Beogh against you.
Beogh smites you!
You die... ..# ..# ..#### ..... o... .. oo#

.. ##Fo#
#.# #@# #..
###.# #..
#...# .
#.###.###
.< #.#...#
#..#.
##...### ##
#)..##...##
.
##...#...##
.#
...#....#
..#


You could see a bullfrog, 3 orc priests and an orc.

Vanquished Creatures
  2 two-headed ogres (D:10)
  The ghost of GlassEater the Grappler, a novice TrMo of Qazlal (D:7)
  Joseph (D:9)
  A troll (D:9)
  A human (D:2)
  A hungry ghost (D:9)
  3 wargs (D:10)
  Purgy (Sewer)
  An orc warrior (D:9)
  2 black bears (D:8)
  4 ogres
  An ice beast (D:9)
  2 necrophages
  3 phantoms
  3 centaurs
  5 bullfrogs
  A gnoll sergeant (D:5)
  A water moccasin zombie (Ossuary)
  A scorpion (D:7)
  A water moccasin skeleton (D:9)
  3 killer bees (D:9)
  2 howler monkeys
  7 crimson imps
  A bullfrog zombie (D:6)
  3 centaur zombies
  A human zombie (D:2)
  2 jellies (D:7)
  A centaur skeleton (D:7)
  2 orc priests
  3 hounds
  4 iguanas
  8 orc wizards
  4 worker ants
  A hound zombie (D:7)
  A hound skeleton (D:5)
  2 mummies (Ossuary)
  3 gnolls (D:5)
  7 adders
  An ooze (D:2)
  3 adder zombies (Ossuary)
  2 adder skeletons
  5 worms
  5 dart slugs
  6 leopard geckos
  31 orcs
  6 bats
  8 giant cockroaches
  10 goblins
  3 hobgoblins
  6 jackals
  2 quokkas
  A ball python (D:2)
  3 frilled lizards
  2 gnoll zombies (Ossuary)
  7 hobgoblin zombies (Ossuary)
  A jackal skeleton (D:7)
  13 kobolds
  A kobold skeleton (D:2)
  3 kobold zombies (Ossuary)
  5 orc zombies (Ossuary)
  2 quokka skeletons
  3 quokka zombies
  7 rats
227 creatures vanquished.

Vanquished Creatures (others)
  2 centaurs
  An orc (D:7)
3 creatures vanquished.

Grand Total: 230 creatures vanquished

Notes
Turn   | Place    | Note
-------+----------+-------------------------------------------
     0 | D:1      | JeffiDaFish the Gargoyle Fighter began the quest for the Orb.
     0 | D:1      | Reached XP level 1. HP: 14/14 MP: 1/1
    82 | D:1      | Reached XP level 2. HP: 19/19 MP: 2/2
   459 | D:1      | Reached XP level 3. HP: 21/23 MP: 3/3
   816 | D:2      | Reached XP level 4. HP: 28/28 MP: 4/4
   821 | D:2      | Found a runed door.
   821 | D:2      | Noticed a human
   830 | D:2      | Found a basalt altar of Yredelemnul.
   860 | D:2      | Killed a human
   860 | D:2      | Reached XP level 5. HP: 5/33 MP: 5/5
  1325 | D:2      | Reached XP level 6. HP: 38/38 MP: 6/6
  2408 | D:4      | Found Muf Pewo's Assorted Antiques.
  2860 | D:4      | Reached skill level 5 in Maces & Flails
  2860 | D:4      | Reached skill level 1 in Dodging
  2860 | D:4      | Reached skill level 5 in Shields
  2860 | D:4      | Reached XP level 7. HP: 28/43 MP: 7/7
  2930 | D:4      | Found a deep blue altar of Sif Muna.
  3190 | D:5      | Entered Level 5 of the Dungeon
  3302 | D:5      | Found a sacrificial altar of Ru.
  3450 | D:5      | Reached XP level 8. HP: 15/48 MP: 8/8
  3740 | D:5      | Reached skill level 5 in Armour
  3979 | D:5      | Found a burning altar of Makhleb.
  4363 | D:6      | Found a glowing drain.
  4411 | Sewer    | Entered a sewer
  4499 | Sewer    | Noticed Purgy
  4505 | Sewer    | Killed Purgy
  5118 | D:7      | Reached XP level 9. HP: 4/52 MP: 9/9
  5448 | D:7      | Identified the +2 scale mail of Life {rPois rF++ rC+ Dex-3} (You found it on level 7 of the Dungeon)
  5634 | D:7      | Found a staircase to the Ecumenical Temple.
  5652 | Temple   | Entered the Ecumenical Temple
  5711 | Temple   | Became a worshipper of Warmaster Okawaru
  5776 | D:7      | Identified the +1 dagger of Egomania {holy, rN+ MR+} (You found it on level 7 of the Dungeon)
  5813 | D:7      | Noticed GlassEater's ghost (novice TrMo)
  5833 | D:7      | HP: 1/52 [GlassEater's ghost (16)]
  6507 | D:7      | Found a shadowy altar of Dithmenos.
  6710 | D:7      | Killed GlassEater's ghost
  6710 | D:7      | Reached * piety under Okawaru
  6710 | D:7      | Reached skill level 5 in Fighting
  6710 | D:7      | Reached skill level 1 in Stealth
  6988 | D:8      | Found a sand-covered staircase.
  7003 | Ossuary  | Entered an ossuary
  7166 | Ossuary  | Gained mutation: Your mind is acute. (Int +2) [potion of mutation]
  7166 | Ossuary  | Gained mutation: You have large cloven feet. [potion of mutation]
  7238 | D:8      | Reached ** piety under Okawaru
  7329 | D:8      | Reached XP level 10. HP: 60/60 MP: 10/10
  7623 | D:9      | Noticed Joseph
  7632 | D:9      | Killed Joseph
  7847 | D:9      | Reached *** piety under Okawaru
  8396 | D:10     | Entered Level 10 of the Dungeon
  8404 | D:10     | Found Detsuh's Assorted Antiques.
  8410 | D:10     | Noticed a two-headed ogre
  8428 | D:10     | Killed a two-headed ogre
  8435 | D:9      | Reached skill level 10 in Shields
  8723 | D:10     | Noticed a two-headed ogre
  8735 | D:10     | Killed a two-headed ogre
  8735 | D:10     | Reached **** piety under Okawaru
  8735 | D:10     | Reached skill level 10 in Maces & Flails
  9166 | D:10     | Reached XP level 11. HP: 28/66 MP: 11/11
  9181 | D:10     | Killed from afar by an orc priest

Vault maps used:
D:1:      lemuel_arrival_river_ford
D:2:      first_bread, dk_yredelemnul_ordeal
D:4:      serial_shops, shop, tgw_sif
D:5:      basic_altar, makhleb_blood_cavern_becter
D:6:      gup_sewer_entry_glass
D:7:      nicolae_dithmenos_through_a_glass_darkly,
          minmay_temple_entry_overgrown
D:8:      nicolae_ossuary_entry_ruins
D:9:      uniq_joseph
D:10:     erik_lair_orcish_takeover, serial_shops, nicolae_shop_statue_plus,
          david_nohive_1
Temple:   compressed_dpeg_triangle_lava_temple
Sewer:    kennysheep_door_sewer
Ossuary:  ossuary_tomb_2

Skill      XL: |  1  2  3  4  5  6  7  8  9 10 |
---------------+-------------------------------+-----
Maces & Flails | 3 4 5 7 8 10 | 10.3
Shields        | 4 5 6 7 9 10 | 10.6
Armour         | 4 5 6 7 |  7.6
Fighting       | 4 5 6 |  6.6
Dodging        | 1 2 |  2.8
Stealth        | 1 |  1.4

Action                   |  1- 3 |  4- 6 |  7- 9 | 10-12 || total
-------------------------+-------+-------+-------+-------++-------
Melee: Flail             |   115 |    66 |   351 |   202 ||   734
       Whip              |       |   122 |   251 |       ||   373
  Use: Potion            |     3 |     3 |     6 |     1 ||    13
       Scroll            |     2 |     5 |     7 |     6 ||    20
  Eat: Chunk             |    10 |     7 |     8 |     8 ||    33
       Royal jelly       |       |       |     1 |       ||     1
Armor: Scale mail        |    32 |       |       |       ||    32
       Chain mail        |    29 |    57 |   229 |    52 ||   367
Dodge: Dodged            |    40 |    23 |   100 |    39 ||   202
Block: Shield            |    70 |    94 |   381 |   158 ||   703
       Reflection        |       |     3 |    11 |     8 ||    22
